 Dungeon Crawl Stone Soup version 0.29-a0-384-g6960b1960d (webtiles) character file.

Game seed: 9268465673643662372

99 sammy202020 the Skirmisher (level 4, -1/41 HPs)
             Began as a Minotaur Fighter on May 7, 2022.
             Slain by Sigmund
             ... wielding a +0 scythe
              (10 damage)
             ... on level 3 of the Dungeon.
             The game lasted 00:02:34 (1470 turns).

sammy202020 the Skirmisher (Minotaur Fighter)       Turns: 1470, Time: 00:02:35

Health: -1/41      AC:  7    Str: 21    XL:     4   Next: 45%
Magic:  3/3        EV:  9    Int:  7    God:
Gold:   91         SH:  0    Dex:  9    Spells: 3/3 levels left

rFire   . . .      SeeInvis .   a - +0 war axe
rCold   . . .      Faith    .   c - +0 buckler
rNeg    . . .      Spirit   .   b - +0 scale mail
rPois   .          Reflect  .   (helmet restricted)
rElec   .          Harm     .   (no cloak)
rCorr   .          Rampage  .   (no gloves)
Will    .....                   (no boots)
Stlth   ..........              (no amulet)
HPRegen 0.13/turn               (no ring)
MPRegen 0.08/turn               (no ring)

@: confused
A: horns 2, retaliatory headbutt
a: no special abilities


You were on level 3 of the Dungeon.
You visited 1 branch of the dungeon, and saw 3 of its levels.

You collected 91 gold pieces.

Inventory:

Hand Weapons
 a - a +0 war axe (weapon)
 e - a +0 flail
Missiles
 f - 4 silver javelins (quivered)
Armour
 b - a +0 scale mail (worn)
 c - a +0 buckler (worn)
Jewellery
 i - a +6 ring of dexterity
Scrolls
 g - a scroll of identify
 h - 2 scrolls of teleportation {unknown}
 j - a scroll of fear {unknown}
Potions
 d - a potion of might


   Skills:
 * Level 4.7 Fighting
 * Level 3.7 Axes
 + Level 4.1 Armour
 + Level 1.3 Dodging
 + Level 4.1 Shields


You had 3 spell levels left.
You didn't know any spells.
Your spell library contained the following spells:

 Spells                   Type           Power      Damage    Failure   Level
 Summon Small Mammal      Summ           0%         N/A       85%         1
 Call Canine Familiar     Summ           0%         N/A       99%         3
 Summon Guardian Golem    Hex/Summ       0%         N/A       99%         3


Dungeon Overview and Level Annotations

Branches:
Dungeon (3/15)

Altars:

Annotations:
D:3 Sigmund


Innate Abilities, Weirdness & Mutations

You have a pair of horns on your head.
You reflexively headbutt those who attack you in melee.


Message History

The orc priest misses you.
You are too confused!
You are too confused!
You are too confused!
You are too confused!
You are too confused!
You are too confused!
You are too confused!
You are too confused!
You are too confused!
You are too confused!
You are too confused!
You are too confused!
You are too confused!
You are too confused!
You are too confused!
You are too confused!
You are too confused!
Unknown command.
You're too confused to move!
The orc priest invokes the aid of Beogh against you.
Beogh smites you!
The orc priest looks braver for a moment.
Sigmund gestures at you while chanting. The magic dart hits you!
* * * LOW HITPOINT WARNING * * *
Sorry, you're not good enough to have a special ability.
You barely miss the orc priest. Your headbutt misses the orc priest.
You slash the orc priest!
The orc priest hits you with a +1 mace of holy wrath.
* * * LOW HITPOINT WARNING * * *
Sigmund casts a spell at you. The magic dart hits you.
* * * LOW HITPOINT WARNING * * *
The orc priest looks braver for a moment.
You bump into the rock wall.
The orc priest calls upon Beogh to heal the orc priest.
The orc priest is healed somewhat.
Sigmund hits you from afar with a +0 scythe!
You die...

#!.........# ..
#..........#...
#..........#..
#.....
#............
#.....
#..........# ..
#.....
#........@.#...
#.....
#...o).......
#..... #@o..#
#..... #.####
#..... #.#
#..... #.#####
###.....
#.....#
#.......
#.###.#
#....... #.#
#.#####.......
###
#.............
#.............


You could see Sigmund and 2 orc priests.

Vanquished Creatures
  Jessica (D:2)
  2 adders (D:2)
  A worm (D:2)
  2 dart slugs (D:2)
  2 orcs (D:3)
  6 ball pythons (D:1)
  6 endoplasms
  3 giant cockroaches
  A goblin (D:3)
  2 hobgoblins (D:1)
  4 kobolds
  2 quokkas
  3 bats
  10 frilled lizards
  A rat (D:2)
46 creatures vanquished.

Vanquished Creatures (others)
  6 plants (D:1)
6 creatures vanquished.

Grand Total: 52 creatures vanquished

Notes
Turn   | Place    | Note
-------+----------+-------------------------------------------
     0 | D:1      | sammy202020 the Minotaur Fighter began the quest for the
                  | Orb.
     0 | D:1      | Reached XP level 1. HP: 19/19 MP: 0/0
   158 | D:1      | Reached XP level 2. HP: 27/27 MP: 1/1
   189 | D:1      | Found a faded altar of an unknown god.
   539 | D:1      | Reached XP level 3. HP: 33/33 MP: 2/2
   791 | D:2      | Noticed Jessica
   798 | D:2      | Killed Jessica
   799 | D:2      | Reached skill level 1 in Dodging
   801 | D:2      | Reached XP level 4. HP: 22/41 MP: 3/3
  1463 | D:3      | Noticed Sigmund
  1470 | D:3      | Slain by Sigmund

Illustrated notes

Levels and vault maps discovered:
D:1:      lemuel_arrival_cross, layout_rooms,
          shapermc_ecumenical_altar_hornbeckon, minmay_lizard_king
D:2:      layout_basic, uniq_jessica
D:3:      layout_basic, mainiacjoe_overflow_six_doors_small,
          chequers_temple_overflow_statue_of_worship, minmay_strange_pillars,
          dreamdust_mushroom_princess, uniq_sigmund

Skill      XL: |  1  2  3 |
---------------+----------+-----
Fighting       | 4 |  4.7
Axes           | 3 |  3.7
Armour         | 4 |  4.1
Dodging        | 1 |  1.3
Shields        | 4 |  4.1

Action                   |  1- 3 |  4- 6 || total
-------------------------+-------+-------++-------
Melee: War axe           |    61 |    38 ||    99
       Headbutt          |     5 |     2 ||     7
  Use: Scroll            |       |     2 ||     2
Armor: Scale mail        |    33 |    26 ||    59
Dodge: Dodged            |    29 |    23 ||    52
Block: Buckler           |    13 |     7 ||    20

Table legend: (Time is in decaauts)
 A = Elapsed time spent in this place.
 B = Non-inter-level travel time spent in this place.
 C = Inter-level travel time spent in this place.
 D = Time resting spent in this place.
 E = Time spent auto-exploring this place.
 F = Levels seen in this place.
 G = Mean time per level.
                   A        B        C        D        E       F      G
               +--------+--------+--------+--------+--------+-----+--------+
         Total |   1521 |   1483 |     38 |      0 |   1197 |   3 |  507.0 |
       Dungeon |   1521 |   1483 |     38 |      0 |   1197 |   3 |  507.0 |
               +--------+--------+--------+--------+--------+-----+--------+

Top non-repeatable levels by time:
     D:2: 774 daAuts
     D:1: 680 daAuts
     D:3: 67 daAuts
